Map: Last Fantasy LE

Players

ManlyManMeat - Winner!

  • Race: Zerg Zerg
  • League: Diamond
  • Spawn Location: 7:00

VOD

Have the link to the VOD?

Description

Time

  • Played on: June 22, 2025, 2:46 p.m.
  • Length: 10:36
Show
View Real Time Build Order
Export as new Build Order

ManlyManMeat Zerg - Winner!

Build Orders:  

Get SALT Encoding   

  12  0:00  Drone  
  13  0:16  Drone  
  14  0:24  Drone, Extractor  
  15  0:31  Overlord  
  15  0:57  Drone  
  16  1:06  Hatchery  
  15  1:10  Drone  
  15  1:18  Drone  
  17  1:24  Drone  
  18  1:43  Extractor  
  18  1:47  Spawning Pool  
  16  1:52  Drone  
  16  1:56  Drone  
  18  2:02  Drone  
  19  2:16  Drone  
  20  2:53  Queen x2  
  20  2:54  Zergling x2  
  20  2:55  Zergling x2  
  26  3:03  Overlord  
  26  3:09  Drone  
  27  3:10  Drone  
  28  3:31  Drone  
  28  3:32  Drone  
  30  3:49  Hatchery  
  29  3:56  Drone x2  
  31  4:00  Drone  
  31  4:06  Overlord  
  32  4:10  Metabolic Boost  
  32  4:12  Overlord  
  27  4:20  Drone x2  
  33  4:32  Overlord x2  
  33  4:37  Drone x2  
  35  4:42  Drone  
  35  4:43  Drone  
  37  4:50  Queen  
  37  4:57  Drone x2  
  41  5:01  Extractor  
  41  5:06  Drone x2  
  41  5:08  Drone  
  43  5:13  Drone  
  44  5:25  Drone  
  45  5:38  Baneling Nest  
  44  5:40  Queen  
  44  5:47  Queen  
  44  5:49  Overlord x2  
  48  5:58  Drone x2  
  48  5:59  Drone  
  51  6:00  Drone x2  
  53  6:15  Drone x2  
  53  6:16  Drone  
  53  6:17  Drone x2  
  53  6:18  Drone x2  
  60  6:37  Drone  
  60  6:38  Drone x4  
  65  6:46  Lair  
  65  6:53  Drone  
  65  6:54  Drone x3  
  69  7:00  Evolution Chamber  
  69  7:02  Evolution Chamber  
  67  7:19  Zergling x16  
  75  7:31  Hatchery  
  75  7:33  Hatchery  
  75  7:36  Centrifugal Hooks  
  73  7:40  Zerg Melee Weapons Level 1  
  73  7:41  Zerg Ground Armor Level 1  
  73  7:48  Zergling x16  
  81  8:06  Overlord x4  
  81  8:07  Overlord  
  81  8:25  Zergling x18  
  81  8:28  Baneling x9  
  90  8:55  Hatchery  
  89  9:02  Overlord x3  
  89  9:04  Zergling x18  
  98  9:10  Hatchery  
  97  9:24  Zergling x14  
  97  9:25  Baneling x5  
  97  9:27  Zergling x6  
  107  9:44  Zergling x2  
  107  9:45  Zergling x24  
  120  9:55  Drone x3  
  123  10:02  Zergling x10  
Tags
 
League
Diamond
Matchup
Co-op
Replay Pack
Myownreplay2
Add a new tag
Caveats
  • Supply blocks, unpowered buildings, or Contaminate may cause inaccurate times.
  • Supply counts are checked every 10 seconds.